 Dungeon Crawl Stone Soup version 0.28.0-45-g0d030f2227 (webtiles) character file.

Game seed: 18147394821759537215

3283 H0rd4k the Thaumaturge (level 9, -11/47 HPs)
             Began as a Deep Elf Hedge Wizard on Apr 14, 2022.
             Was an Initiate of Gozag.
             Mangled by a gnoll sergeant
             ... wielding a +0 glaive
              (19 damage)
             ... in a bailey on Apr 19, 2022.
             The game lasted 00:18:49 (11157 turns).

H0rd4k the Thaumaturge (Deep Elf Hedge Wizard)     Turns: 11157, Time: 00:18:49

Health: -11/47     AC:  2    Str:  5    XL:     9   Next: 69%
Magic:  17/28      EV: 13    Int: 24    God:    Gozag
Gold:   776        SH:  0    Dex: 14    Spells: 25/34 levels left

rFire   + . .      SeeInvis +   r - staff of fire
rCold   + . .      Faith    .   (no shield)
rNeg    . . .      Spirit   .   b - +0 robe
rPois   .          Reflect  .   c - +0 hat
rElec   .          Harm     .   (no cloak)
rCorr   .          Rampage  .   (no gloves)
Will    .....                   (no boots)
Stlth   ++........              (no amulet)
HPRegen 0.15/turn               e - +4 ring of slaying
MPRegen 0.21/turn               o - ring of protection from cold

@: gold aura
A: see invisible, weak 1, sturdy frame 1
a: Renounce Religion, Potion Petition, Call Merchant, Bribe Branch


You were in a bailey.
You worshipped Gozag.
Gozag was pleased with you.
You visited 1 branch of the dungeon, and saw 7 of its levels.
You also visited: Sewer, Ossuary and Bailey.

You collected 825 gold pieces.
You paid 49 gold pieces to Gozag.

Inventory:

Hand Weapons
 h - a +1 dagger of holy wrath
 y - a +2 dagger of freezing
Armour
 b - a +0 robe (worn)
 c - a +0 hat (worn)
Magical Staves
 r - a staff of fire (weapon)
Jewellery
 e - a +4 ring of slaying (left hand)
 o - a ring of protection from cold (right hand)
 q - a ring of ice
 A - a +6 ring of strength
Wands
 w - a wand of iceblast (4)
 D - a wand of flame (17)
 E - a wand of charming (9)
Scrolls
 a - a scroll of immolation {unknown}
 d - 5 scrolls of teleportation
 f - 2 scrolls of magic mapping {unknown}
 i - 2 scrolls of enchant armour
 j - 3 scrolls of holy word {unknown}
 k - 5 scrolls of vulnerability
 u - a scroll of enchant weapon {unknown}
 v - 3 scrolls of fear {unknown}
 z - a scroll of identify
 C - 4 scrolls of blinking {unknown}
Potions
 g - 2 potions of resistance {unknown}
 l - a potion of invisibility
 m - 5 potions of curing
 n - 2 potions of might
 p - a potion of experience {unknown}
 s - 3 potions of brilliance
 t - a potion of lignification
 x - 2 potions of haste
 B - a potion of attraction {unknown}


   Skills:
 + Level 1.3 Fighting
 + Level 0.2 Short Blades
 + Level 3.8 Dodging
 - Level 2.4 Stealth
 + Level 13.0 Spellcasting
 + Level 8.0 Conjurations
 + Level 1.1 Summonings
 + Level 3.0 Translocations
 + Level 3.5 Fire Magic
 + Level 1.8 Air Magic
 + Level 2.3 Poison Magic
 + Level 1.7 Evocations


You had 25 spell levels left.
You knew the following spells:

 Your Spells              Type           Power      Damage    Failure   Level
a - Magic Dart            Conj           100%       1d8       1%          1
b - Blink                 Tloc           60%        N/A       1%          2
c - Conjure Flame         Conj/Fire      60%        6-21      1%          3
d - Mephitic Cloud        Conj/Pois/Air  35%        N/A       2%          3

Your spell library contained the following spells:

 Spells                   Type           Power      Damage    Failure   Level
 Apportation              Tloc           60%        N/A       1%          1
 Summon Small Mammal      Summ           80%        N/A       2%          1
 Poisonous Vapours        Pois/Air       50%        N/A       2%          2
 Animate Skeleton         Necr           30%        N/A       3%          1
 Slow                     Hex            60%        N/A       3%          1
 Call Imp                 Summ           20%        N/A       3%          2
 Corpse Rot               Necr/Air       40%        N/A       4%          2


Dungeon Overview and Level Annotations

Branches:
Dungeon (7/15)             Temple (0/1) D:4           Sewer (visited)
Ossuary (visited)          Bailey (1/1)

Altars:
Cheibriados
Elyvilon
Gozag
Okawaru
Ru
Uskayaw

Shops:
D:2 =(:!

Annotations:
D:3 3 runed translucent doors, exclusion: 3 doors, Zeus21348's ghost, amateur DsCj
D:4 exclusion: downstairs
D:6 1 runed translucent door, Ablot's ghost, novice GnWr; Eustachio
D:7 exclusion: upstairs


Innate Abilities, Weirdness & Mutations

You have supernaturally acute eyesight. (SInv)
You are weak. (Str -2)
Your movements are slightly less encumbered by armour. (ER -2)


Message History

The gnoll hits the gnoll sergeant but does no damage.
The gnoll sergeant is engulfed in blazing flames.
Unknown command.
Casting: Mephitic Cloud (dangerous; 2% risk of failure)
Confirm with . or Enter, or press ? or * to list all spells.
You blink.
The gnoll gestures wildly.
Casting: Blink (safe; 1% risk of failure)
Confirm with . or Enter, or press ? or * to list all spells.
Aiming: Mephitic Cloud (dangerous; 2% risk of failure)
Press: ? - help, Shift-Dir - straight line, f - gnoll
Aim: a gnoll, wielding a +0 halberd and wearing a +0 chain mail (almost dead, confused, chance to affect: 91%)
The ball explodes into a vile cloud!
The stinking cloud engulfs the gnoll but does no damage.
The gnoll is almost dead.
The stinking cloud engulfs the gnoll sergeant but does no damage.
You hear a howl! x2
The gnoll sergeant is engulfed in noxious fumes.
The gnoll sergeant appears confused.
The gnoll is engulfed in noxious fumes.
The gnoll appears confused.
The gnoll sergeant is engulfed in blazing flames.
You hear a shout!
Aiming: Charm
Press: ? - help, Shift-Dir - straight line, f - gnoll sergeant, p - gnoll
Aim: a gnoll sergeant, wielding a +0 glaive and wearing a +0 plate armour (confused, chance to affect: 53%)
The gnoll sergeant resists with significant effort.
Unknown command.
Aiming: Charm
Press: ? - help, Shift-Dir - straight line, f/p - gnoll sergeant
Aim: a gnoll sergeant, wielding a +0 glaive and wearing a +0 plate armour (confused, chance to affect: 53%)
The gnoll sergeant is charmed.
You feel stable enough to blink again.
The gnoll sergeant is engulfed in noxious fumes.
The gnoll sergeant gestures wildly.
Your gnoll sergeant hits you with a +0 glaive!
* * * LOW HITPOINT WARNING * * *
You feel better.
Your gnoll sergeant hits you with a +0 glaive!!
You die...
Your body crumbles into a pile of gold.

♣≈.######'''######.≈♣
♣≈.# #...# .≈♣ ♣≈##
#...# #≈♣ ♣≈ #...# ≈♣
♣≈ ##§## ♣≈ ##.gg# ♣≈
##..○..## ♣≈
#...○..g# #..$8$.@#
#.......# ##.....##
##...## ##+#


You could see a gnoll sergeant (confused), a gnoll (confused) and a friendly
gnoll sergeant (charmed, confused).

Vanquished Creatures
  Grinder (D:6)
  Prince Ribbit (D:5)
  Sigmund (D:3)
  Menkaure (D:6)
  Edmund (D:4)
  Duvessa (D:5)
  A water moccasin (D:5)
  A black bear (D:5)
  An ice beast (D:6)
  A sky beast (D:6)
  An ogre (D:4)
  2 centaurs (D:5)
  3 phantoms
  2 kobold brigands (Sewer)
  A scorpion (D:4)
  3 water moccasin zombies (Ossuary)
  4 killer bees (D:6)
  Dowan (D:5)
  A centaur zombie (D:6)
  A bullfrog zombie (D:7)
  A jelly (D:5)
  An orc priest (D:4)
  6 hounds
  An iron imp (D:5)
  3 orc wizards
  2 iguanas
  2 scorpion zombies (D:5)
  A killer bee zombie (D:7)
  2 mummies (Ossuary)
  2 howler monkey zombies
  5 gnolls (Bailey)
  10 adders
  2 river rats (Sewer)
  2 white imps (D:6)
  2 ufetubi
  5 adder zombies (Ossuary)
  A worm (Sewer)
  A dart slug (D:4)
  7 orcs
  11 endoplasms
  6 giant cockroaches
  A gnoll zombie (Ossuary)
  10 goblins
  3 hobgoblins
  10 jackals (D:3)
  11 kobolds
  8 quokkas
  7 ball pythons
  10 bats
  6 hobgoblin zombies (Ossuary)
  8 kobold zombies (Ossuary)
  6 orc zombies (Ossuary)
  8 rats
  A spectral hobgoblin (D:1)
191 creatures vanquished.

Vanquished Creatures (collateral kills)
  A killer bee (D:6)
1 creature vanquished.

Vanquished Creatures (others)
  2 bushes (D:6)
  A butterfly (D:6)
3 creatures vanquished.

Grand Total: 195 creatures vanquished

Notes
Turn   | Place    | Note
-------+----------+-------------------------------------------
     0 | D:1      | H0rd4k the Deep Elf Hedge Wizard began the quest for the
                  | Orb.
     0 | D:1      | Reached XP level 1. HP: 10/10 MP: 7/7
   206 | D:1      | Found a faded altar of an unknown god.
   345 | D:1      | Reached XP level 2. HP: 14/14 MP: 0/9
   474 | D:1      | Reached skill level 5 in Spellcasting
  1021 | D:2      | Found Ytaetirch's Distillery.
  1021 | D:2      | Found Razyheos's Book Shop.
  1160 | D:2      | Reached XP level 3. HP: 19/19 MP: 4/12
  1493 | D:2      | Found Dumuw's Jewellery Emporium.
  1511 | D:2      | Learned a level 2 spell: Blink
  1515 | D:2      | Learned a level 3 spell: Conjure Flame
  1519 | D:2      | Learned a level 3 spell: Mephitic Cloud
  1673 | D:2      | Found Uqaighel's Weapon Shop.
  1964 | D:3      | Reached skill level 6 in Spellcasting
  1984 | D:3      | Found a runed translucent gate.
  1984 | D:3      | Found a runed translucent gate.
  2100 | D:3      | Found a runed translucent gate.
  2100 | D:3      | Noticed Zeus21348's ghost (amateur DsCj)
  2437 | D:2      | Reached XP level 4. HP: 24/24 MP: 4/14
  2817 | D:3      | Noticed Sigmund
  2879 | D:3      | Killed Sigmund
  2880 | D:3      | Reached skill level 1 in Fire Magic
  2880 | D:3      | Reached skill level 1 in Air Magic
  2880 | D:3      | Reached skill level 1 in Poison Magic
  2880 | D:3      | Reached XP level 5. HP: 22/28 MP: 0/16
  3653 | D:4      | Found an iron altar of Okawaru.
  3706 | D:4      | Reached XP level 6. HP: 33/33 MP: 13/17
  3725 | D:4      | Found a sacrificial altar of Ru.
  3823 | D:4      | Reached skill level 7 in Spellcasting
  3919 | D:4      | Found a sand-covered staircase.
  3953 | Ossuary  | Entered an ossuary
  4809 | Ossuary  | Reached skill level 8 in Spellcasting
  4809 | Ossuary  | Reached XP level 7. HP: 37/37 MP: 10/20
  5309 | D:4      | Found a staircase to the Ecumenical Temple.
  5358 | D:4      | Noticed Edmund
  5381 | D:4      | Killed Edmund
  5647 | D:4      | Found an opulent altar of Gozag.
  5658 | D:4      | Became a worshipper of Gozag Ym Sagoz the Greedy
  5824 | D:4      | Reached skill level 9 in Spellcasting
  6362 | D:5      | Entered Level 5 of the Dungeon
  6379 | D:5      | Reached skill level 5 in Conjurations
  6454 | D:5      | Found a glowing drain.
  6478 | Sewer    | Entered a sewer
  6598 | Sewer    | Reached XP level 8. HP: 21/42 MP: 5/23
  6934 | Sewer    | Reached skill level 1 in Fighting
  7120 | Sewer    | Gained mutation: You have supernaturally acute eyesight.
                  | (SInv) [potion of mutation]
  7120 | Sewer    | Gained mutation: Your movements are slightly less
                  | encumbered by armour. (ER -2) [potion of mutation]
  7120 | Sewer    | Gained mutation: You are weak. (Str -2) [potion of
                  | mutation]
  7179 | D:5      | Noticed Prince Ribbit
  7195 | D:5      | Killed Prince Ribbit
  7196 | D:5      | Reached skill level 10 in Spellcasting
  7685 | D:5      | Found a snail-covered altar of Cheibriados.
  7686 | D:5      | Noticed Dowan
  8191 | D:5      | Reached skill level 1 in Evocations
  8210 | D:5      | Reached skill level 11 in Spellcasting
  8547 | D:5      | Noticed Duvessa
  8570 | D:5      | Killed Duvessa
  8768 | D:5      | Reached XP level 9. HP: 47/47 MP: 17/26
  9342 | D:5      | Killed Dowan
  9738 | D:6      | Found a runed translucent door.
  9738 | D:6      | Noticed Ablot's ghost (novice GnWr)
  9850 | D:6      | Found a white marble altar of Elyvilon.
  9979 | D:6      | Reached skill level 12 in Spellcasting
 10200 | D:6      | Noticed Grinder
 10216 | D:6      | Killed Grinder
 10631 | D:6      | Noticed Menkaure
 10635 | D:6      | Killed Menkaure
 10636 | D:6      | Reached skill level 13 in Spellcasting
 10784 | D:6      | Found a hide-covered altar of Uskayaw.
 10839 | D:6      | Noticed Eustachio
 10951 | D:7      | Found a flagged portal.
 11011 | Bailey   | Entered a bailey
 11156 | Bailey   | HP: 1/47 [gnoll sergeant/+0 glaive (11)]
 11157 | Bailey   | Mangled by a gnoll sergeant

Illustrated notes

Levels and vault maps discovered:
D:1:      lemuel_arrival_cross, layout_rooms,
          dreamdust_ecumenical_altar_drowned_temple,
          wad_floor_pattern_untrapped, chequers_serial_rivers_room_b
D:2:      layout_loops_ring, serial_shops, shop,
          nicolae_shop_temple_entry_statues_fountains, nicolae_shop_trees,
          nicolae_shop_crystal, minmay_heptomino_o4
D:3:      layout_loops_ring, ebering_ghost_rock_garden, minmay_door_square,
          uniq_sigmund
D:4:      layout_loops_ring, marbit_many_paths, pf_just_have_faith,
          mainiacjoe_overflow_cross_hatched, minmay_temple_entry_glassed_door,
          lightli_ossuary_entry_decrepit_ruins, uniq_edmund
D:5:      layout_basic, slow_altar_1, gup_sewer_entry_pipe,
          minmay_strange_pillars, uniq_prince_ribbit1, uniq_duvessa
D:6:      layout_loops_corners, nicolae_elyvilon_peaceful_grove,
          amcnicky_altar_gilded, gammafunk_ghost_grave, uniq_menkaure,
          uniq_grinder, uniq_eustachio
D:7:      layout_basic, nicolae_yredelemnul_corpse_copse, enter_bailey_2
Bailey:   bailey_polearm_gnolls_kennysheep, bailey

Skill      XL: |  1  2  3  4  5  6  7  8  9 |
---------------+----------------------------+-----
Spellcasting   | 5 6 8 9 11 13 | 13.0
Conjurations   | 2 3 5 6 8 |  8.0
Fire Magic     | 1 2 3 |  3.5
Air Magic      | 1 |  1.8
Poison Magic   | 1 2 |  2.3
Dodging        | 3 |  3.8
Translocations | 2 3 |  3.0
Fighting       | 1 |  1.3
Evocations     | 1 |  1.7
Short Blades   | |  0.2
Stealth        | |  2.4
Summonings     | |  1.1

Action                   |  1- 3 |  4- 6 |  7- 9 || total
-------------------------+-------+-------+-------++-------
Melee: Dagger            |     2 |       |       ||     2
       Staff             |       |       |     1 ||     1
 Cast: Magic Dart        |   141 |   136 |   359 ||   636
       Blink             |     2 |       |    17 ||    19
       Conjure Flame     |       |    10 |    30 ||    40
       Mephitic Cloud    |       |     2 |    20 ||    22
Evoke: Wand              |       |       |    17 ||    17
  Use: Potion            |       |       |     9 ||     9
       Scroll            |       |       |     6 ||     6
Armor: Robe              |    19 |     4 |    10 ||    33
Dodge: Dodged            |    43 |    45 |    58 ||   146
